[Event "10th Cesme Open-A 2024"]
[Site "Cesme"]
[Date "2024.06.27"]
[Round "5"]
[White "Bernadskiy, Vitaliy"]
[Black "Zerey, Demhat"]
[Result "1/2-1/2"]
[ECO "C78"]
[WhiteElo "2563"]
[BlackElo "2038"]
[Annotator "TA"]
[PlyCount "62"]
[EventDate "2024.06.23"]
[EventType "swiss"]
[EventCountry "TUR"]
[SourceTitle "playchess.com"]
[Source "ChessBase"]
[SourceQuality "1"]
[TimeControl "5400+30"]

1. e4 e5 2. Nf3 Nc6 3. Bb5 a6 4. Ba4 Nf6 5. O-O b5 6. Bb3 Bc5 7. a4 Rb8 8. c3 d6 9. d4 Bb6 10. a5 Ba7 11. h3 O-O 12. Be3 Re8 (12... Nxe4 13. Bd5 exd4 14. Nxd4 Nxd4 15. Bxe4 $11) 13. dxe5 Bxe3 $1 14. exf6 Bf4 15. Bd5 (15. Qd5 $1 $14 {deserves consideration.} Ne5 (15... Be6 16. Qxc6 Bxb3 17. Qxa6 $14) 16. Nxe5) 15... Ne5 $11 16. fxg7 {[%emt 0:00:30] next Na3 is good for White.} Qf6 $1 17. Nxe5 Rxe5 18. Qf3 Rg5 19. Na3 ({White should try} 19. Re1 $11) 19... Rxg7 ({Black should play} 19... Qh6 $1 $15 20. Kh1 (20. Qxf4 $2 {is the wrong capture.} Rxg2+ 21. Kxg2 Qxf4 $19) 20... Rxg7) 20. Nc2 (20. Rfd1 $11) 20... Qh6 $1 $17 {[%emt 0:07:30][%mdl 1024] Black has strong compensation.} 21. Kh1 (21. g3 $15) 21... Bg4 $1 22. Qd3 {[%emt 0:00:30] [#]} c5 {[%emt 0:01:30] Inhibits Nd4. And now ...c4 would win.} 23. Rg1 {[%emt 0:05:30] [#]} c4 (23... Kh8 $1 $17 {Hoping for ...c4.} 24. b3 Rf8) 24. Qf1 $36 {[%emt 0:00:30][%mdl 2048] White is pushing.} Kh8 {[%emt 0:02:30] [#]} (24... Qh5 $5 25. Nd4 Rg6 $16) 25. Ne3 $1 Bxe3 {[%emt 0:04:30] The position is equal.} 26. fxe3 Qxe3 27. Qe1 (27. hxg4 $2 Qh6#) 27... Qh6 {[%emt 0:00:30][%cal Og4h3] ( -> ...Bxh3!)} 28. Kh2 Bxh3 29. gxh3 Qf4+ 30. Kh1 $1 ({Wrong is} 30. Rg3 $2 Rbg8 31. Qe3 Qxg3+ $19) 30... Qf3+ 31. Kh2 Qf4+ $1 {[%emt 0:00:00] Weighted Error Value: White=0.19 (very precise) /Black=0.11 (very precise) .  Mistake:       	White=4     	Black=2      Inaccurate:     	---       	Black=1      OK:         	White=5     	Black=9      Best:        	White=2     	Black=2      Strong:       	White=1     	Black=5      Brilliant:      	White=1     	---} 1/2-1/2

[Event "10th Cesme Open-A 2024"]
[Site "Cesme"]
[Date "2024.06.27"]
[Round "5"]
[White "Kovalev, Vladislav"]
[Black "Bicer, Atakan Mert"]
[Result "1-0"]
[ECO "B12"]
[WhiteElo "2559"]
[BlackElo "2313"]
[Annotator "TA"]
[PlyCount "77"]
[EventDate "2024.06.23"]
[EventType "swiss"]
[EventCountry "TUR"]
[SourceTitle "playchess.com"]
[Source "ChessBase"]
[SourceQuality "1"]
[TimeControl "5400+30"]

1. e4 c6 2. d4 d5 3. e5 Bf5 4. h4 h5 5. Bd3 Bxd3 6. Qxd3 e6 7. Bg5 Be7 8. Nf3 Nh6 9. Nc3 {[%emt 0:02:30] The position is equal.} a6 10. Ne2 c5 11. dxc5 Qa5+ 12. c3 Qxc5 13. Bxh6 Rxh6 14. Ned4 Nd7 15. O-O Qc7 16. Rae1 Rg6 17. Re3 O-O-O 18. g3 Kb8 19. Kg2 Rh8 20. Rh1 Rg4 21. Qe2 Nc5 22. Nd2 Na4 23. f3 Rg6 24. N2b3 Qd8 25. Kf2 Qb6 26. Qc2 Rc8 27. Ne2 Rh6 28. Nbd4 Nc5 (28... Nxb2 $2 29. Rb1 $18) 29. b4 Nd7 30. Qd2 (30. Qb3 $15) 30... f6 (30... Qc7 $17 31. f4 Nb6) 31. exf6 $14 Rxf6 32. Nf4 $36 {[%emt 0:00:29][%mdl 2048] [#] Strongly threatening Nxd5. White has the initiative.} Bd6 {[%emt 0:04:45] Hoping for ...Rxf4.} 33. Ndxe6 {[%emt 0:00:32] And now Rd1 would win.} (33. Rxe6 $2 Bxf4 34. Qxf4+ Rxf4 $19) ({Don't play} 33. Nfxe6 Ne5 34. Nc5 (34. Nxg7 $2 {is the wrong capture.} Nc4 $19) 34... Qc7 (34... Ng4+ $2 35. Kg1 $18)) 33... Be5 34. Qxd5 Rxc3 {[%emt 0:02:02] [#] Black cannot hold the game after this.} (34... Bxf4 $16 35. Nxf4 Rd6) 35. Nc5 $1 $18 {[%emt 0:00:11] Active counter play! A dynamic duo of knights.} Rc2+ $2 (35... Ka7) 36. Ne2 (36. Re2 $142 Rxe2+ 37. Kxe2 Qb5+ 38. Nfd3) 36... Rxc5 (36... Bxg3+ 37. Kxg3 Nxc5) 37. bxc5 {[%emt 0:00:09] White is clearly winning.} Qxc5 38. Qxd7 {[%emt 0:01:05] Black must now prevent Qe8+.} Bxg3+ 39. Nxg3 {[%emt 0:00:04] Weighted Error Value: White=0.11 (very precise) /Black=0.37.  Loses game:     	---       	Black=1      Mistake:       	White=2     	Black=3      Inaccurate:     	White=1     	---        OK:         	White=16    	Black=13     Best:        	White=1     	Black=1      Strong:       	White=1     	---} 1-0

[Event "10th Cesme Open-A 2024"]
[Site "Cesme"]
[Date "2024.06.27"]
[Round "5"]
[White "Rasulov, Vugar"]
[Black "Jafarli, Babak"]
[Result "1-0"]
[ECO "B12"]
[WhiteElo "2557"]
[BlackElo "2192"]
[Annotator "TA"]
[PlyCount "87"]
[EventDate "2024.06.23"]
[EventType "swiss"]
[EventCountry "TUR"]
[SourceTitle "playchess.com"]
[Source "ChessBase"]
[SourceQuality "1"]
[TimeControl "5400+30"]

1. e4 c6 2. d4 d5 3. e5 Bf5 4. Be3 e6 5. Nd2 Nd7 6. f4 h5 7. Ngf3 h4 8. Be2 {[%emt 0:02:30] The position is equal.} Nh6 9. Ng5 (9. h3 $11) 9... Qb6 $15 10. Nb3 $1 O-O-O 11. Qd2 (11. O-O $11) 11... Bb4 12. c3 Be7 13. Bd3 Bxd3 14. Qxd3 Nf8 (14... Bxg5 $15 15. fxg5 Nf5) 15. Nf3 Nf5 16. O-O-O f6 ({Better is} 16... Nd7 $11) 17. Rde1 Kb8 18. Bf2 h3 19. g4 Nh6 20. f5 Nxg4 21. Bg3 Ka8 22. exf6 Nxf6 23. Ng5 {[%emt 0:00:30] Wards off Ne4} Rh5 24. Nxe6 Nxe6 25. Rxe6 ({Much weaker is} 25. fxe6 Ne4 $11) 25... Bf8 26. Qf3 {[%emt 0:01:00][%cal Oe6f6] [#] Threatens to win with Rxf6!} Rh8 27. Nd2 {[%emt 0:00:30] Dodges Ne4} Qb5 28. Rhe1 c5 29. Be5 $40 {[%emt 0:01:30][%mdl 128] Black needs to defend precisely.} cxd4 30. Bxd4 Bc5 $2 {[%emt 0:01:30][%mdl 8192] Loses the game.} (30... Bd6 $14) 31. a4 $1 $18 Qxa4 32. Bxc5 Ne4 (32... Rc8 $142 33. Qe3 Rh5) 33. Nxe4 Qa1+ 34. Kc2 Qxe1 35. Nd6 Qa1 {[%emt 0:00:00] Black is weak on the dark squares} 36. Qxd5 {[%emt 0:00:30][%csl Gd6][%cal Rd5b7] Active counter play!} Qa4+ 37. Kb1 Rd7 38. Qe4 (38. c4 $142) 38... Qd1+ $2 (38... Qxe4+ 39. Rxe4 (39. Nxe4 Rd1+ 40. Ka2 Rd5 $18) 39... b6) 39. Ka2 {[%emt 0:00:30] White threatens Re8+ and mate.} Rhd8 40. Nb5 Rc8 41. Ba3 (41. Bd6 $142 {White wants to mate with Re8.} a5 42. Qc4) 41... Qf1 42. Re8 {[%emt 0:00:30][%cal Re8c8] Against Qxb5. White mates.} Rdd8 {[%emt 0:00:30] [#]} 43. Nc7+ $1 Kb8 44. Ne6 {[%emt 0:00:30][%csl LRd8,LRg7] Weighted Error Value: White=0.46/Black=0.51.  Loses game:     	---       	Black=1      Mistake:       	White=4     	Black=4      Inaccurate:     	White=2     	Black=6      OK:         	White=10    	Black=10     Best:        	White=1     	Black=2      Strong:       	White=2     	---} 1-0

[Event "10th Cesme Open-A 2024"]
[Site "Cesme"]
[Date "2024.06.27"]
[Round "5"]
[White "Grover, Sahaj"]
[Black "Koksal, Ege"]
[Result "1-0"]
[ECO "C43"]
[WhiteElo "2510"]
[BlackElo "2297"]
[Annotator "TA"]
[PlyCount "107"]
[EventDate "2024.06.23"]
[EventType "swiss"]
[EventCountry "TUR"]
[SourceTitle "playchess.com"]
[Source "ChessBase"]
[SourceQuality "1"]
[TimeControl "5400+30"]

1. e4 e5 2. Nf3 Nf6 3. d4 Nxe4 4. Bd3 Nc6 5. Nxe5 Nxe5 6. dxe5 Nc5 7. Bc4 d6 8. Qf3 {[%emt 0:00:00][%csl Gc4][%cal Rf3f7] The position is equal.} Ne6 9. Be3 dxe5 10. Nd2 Bd6 11. O-O-O O-O 12. Ne4 Nd4 13. Bxd4 $14 exd4 14. Rxd4 Qe7 {[%emt 0:01:30] Black is weak on the light squares} (14... Bf4+ 15. Qxf4 Qxd4 16. Rd1 Qxc4 17. Nf6+ gxf6 18. Qxc4 $18) 15. Re1 Be6 {[%emt 0:03:30] And now ...Bxc4 would win.} 16. Nxd6 cxd6 17. Qe3 {[%emt 0:01:30] Inhibits Qg5. White is much more active.} Rac8 18. Bxe6 fxe6 19. f4 e5 20. fxe5 dxe5 {[%emt 0:00:30][%cal Oc8c2] [#]} 21. Re4 $1 (21. Qxe5 Qxe5 22. Rxe5 Rf2 $14) 21... Qf7 {[%emt 0:03:30] [#]} 22. b3 $1 (22. Rxe5 $6 Qxa2 23. c3 Rcd8 $11) 22... Qf2 23. Re2 (23. Rxe5 $2 Qxc2#) 23... Qxe3+ 24. R4xe3 ({But not} 24. R2xe3 $6 Rf2 25. Re2 Rxe2 26. Rxe2 Re8 $14) 24... Rc5 25. Rxe5 Rxe5 26. Rxe5 $16 {[%emt 0:00:30][%mdl 4096] Endgame. KR-KR} Rf2 27. Rg5 g6 (27... h6 $142 28. Rg4 Kh7) 28. Rg3 Kg7 29. Kb2 Kf6 30. b4 Ke5 31. Kb3 Re2 32. c4 Kf5 33. c5 Ke5 (33... Kf6 $142 34. Rh3 h5) 34. Rh3 $18 Kd5 (34... h5 {was necessary.} 35. Rg3 a5) 35. Rxh7 Kc6 36. g3 a5 37. a3 (37. bxa5 g5 38. a4 Re3+ 39. Kc2 Ra3 $18) 37... axb4 38. axb4 g5 (38... b5 $142 39. Rg7 Re3+ 40. Kc2 Re2+ 41. Kc3 Rxh2 42. Rxg6+ Kd5 43. Rd6+ Ke5) 39. Kc4 Rc2+ $2 (39... b5+ 40. Kd4 Rd2+ 41. Kc3 Rf2) 40. Kd4 Rb2 41. Kc3 Rf2 42. Rg7 Rxh2 (42... b5 $142 43. cxb6 (43. Rxg5 Rxh2 44. Rg6+ Kd7 $18) 43... Kxb6 44. Rg6+ (44. Rxg5 Rxh2 45. b5 Kc7 $18) 44... Kc7) 43. Rg6+ Kb5 (43... Kd7 $18 44. Kc4 (44. Rxg5 Rh6 $18) 44... g4 45. Rg7+ (45. Rxg4 Rh6 $18) 45... Ke6) 44. Rb6+ {[%emt 0:00:00] White mates.} Ka4 45. Rxb7 Rg2 46. c6 Rxg3+ 47. Kc4 Rg4+ 48. Kc5 Rg1 49. Ra7+ Kb3 50. b5 Rc1+ 51. Kd6 Kc4 52. c7 Kxb5 53. Rb7+ Kc4 54. c8=R+ {[%emt 0:00:00] Weighted Error Value: White=0.13 (very precise) /Black=0.40.  Mistake:       	---       	Black=7      Inaccurate:     	White=1     	Black=4      OK:         	White=17    	Black=10     Best:        	White=3     	Black=1      Strong:       	White=2     	---} 1-0

[Event "10th Cesme Open-A 2024"]
[Site "Cesme"]
[Date "2024.06.27"]
[Round "5"]
[White "Isik, Alparslan"]
[Black "Eke, Salih"]
[Result "1-0"]
[ECO "D35"]
[WhiteElo "2469"]
[BlackElo "2251"]
[Annotator "RC"]
[PlyCount "113"]
[EventDate "2024.06.23"]
[EventType "swiss"]
[EventCountry "TUR"]
[SourceTitle "playchess.com"]
[Source "ChessBase"]
[SourceQuality "1"]
[TimeControl "5400+30"]

1. d4 d5 2. c4 e6 3. Nc3 Nf6 4. cxd5 exd5 5. Bg5 Nbd7 6. e3 Be7 7. Bd3 O-O 8. Nge2 b6 9. Nf4 h6 10. h4 Bb7 11. Qf3 c5 12. O-O-O cxd4 13. exd4 Rc8 14. Kb1 Rxc3 15. bxc3 Ne4 16. Bxe4 dxe4 17. Bxe7 Qxe7 18. Qe3 Rc8 19. d5 Nc5 20. Rd4 Qd7 21. Rc1 a5 22. Ka1 Qd6 23. Rb1 Ba6 24. f3 exf3 25. gxf3 Kf8 26. Qd2 Re8 27. Rg1 Re5 28. c4 a4 29. Nd3 Nxd3 30. Qxd3 Qb4 31. Qd2 Qxd2 32. Rxd2 Bxc4 33. d6 Re8 34. Kb2 Rd8 35. Kc3 b5 36. Kb4 g6 37. a3 Ke8 38. Re1+ Kd7 39. Re7+ Kc6 40. Rc7+ Kb6 41. Rd4 g5 42. hxg5 hxg5 43. Rc5 Rd7 44. Rxg5 Kc6 45. Rc5+ Kb6 46. f4 Bf1 47. Re5 Kc6 48. Re7 Rxd6 49. Rxd6+ Kxd6 50. Rxf7 Ke6 51. Rb7 Kf5 52. Rxb5+ Bxb5 53. Kxb5 Kxf4 54. Kxa4 Ke5 55. Kb5 Kd6 56. Kb6 Kd7 57. Kb7 1-0

[Event "10th Cesme Open-A 2024"]
[Site "Cesme"]
[Date "2024.06.27"]
[Round "5"]
[White "Fromm, Marius"]
[Black "Kharitonov, Alexandr"]
[Result "1/2-1/2"]
[ECO "B12"]
[WhiteElo "2465"]
[BlackElo "2522"]
[Annotator "TA"]
[PlyCount "22"]
[EventDate "2024.06.23"]
[EventType "swiss"]
[EventCountry "TUR"]
[SourceTitle "playchess.com"]
[Source "ChessBase"]
[SourceQuality "1"]
[TimeControl "5400+30"]

1. e4 c6 2. d4 d5 3. e5 Bf5 4. h4 h6 5. g4 Bd7 6. Nc3 e6 7. Na4 Na6 8. Bxa6 {[%emt 0:11:30] [#] Threatens to win with Bd3.} Qa5+ 9. c3 Qxa6 10. Nc5 $1 Bxc5 11. dxc5 h5 {[%emt 0:01:30] Not much happened in this game.   Weighted Error Value: White=0.07 (flawless) /Black=0.00 (flawless) .  OK:         	---       	Black=4      Strong:       	White=1     	---} 1/2-1/2

[Event "10th Cesme Open-A 2024"]
[Site "Cesme"]
[Date "2024.06.27"]
[Round "5"]
[White "Kilic, Eray"]
[Black "Ozkan, Ervin"]
[Result "1-0"]
[ECO "C55"]
[WhiteElo "2443"]
[BlackElo "2147"]
[Annotator "RC"]
[PlyCount "65"]
[EventDate "2024.06.23"]
[EventType "swiss"]
[EventCountry "TUR"]
[SourceTitle "playchess.com"]
[Source "ChessBase"]
[SourceQuality "1"]
[TimeControl "5400+30"]

1. e4 e5 2. Bc4 Nf6 3. d3 Nc6 4. Nf3 h6 5. O-O d6 6. a4 g6 7. Nc3 Bg7 8. a5 a6 9. Re1 O-O 10. h3 Re8 11. Be3 Be6 12. Bxe6 Rxe6 13. Qd2 Kh7 14. Nd5 Qd7 15. c4 Ng8 16. b4 Rf8 17. b5 Nb8 18. Rab1 c6 19. Nc3 axb5 20. cxb5 c5 21. Qa2 f5 22. a6 bxa6 23. bxa6 Nc6 24. Rb7 Qc8 25. Nd5 fxe4 26. dxe4 Re7 27. Nxe7 Ngxe7 28. Reb1 Qa8 29. R1b6 Rb8 30. Qf7 Rf8 31. Qe6 Re8 32. Qxd6 Rd8 33. Qxc5 1-0

[Event "10th Cesme Open-A 2024"]
[Site "Cesme"]
[Date "2024.06.27"]
[Round "5"]
[White "Ozsakallioglu, Okan"]
[Black "Barrish, Daniel"]
[Result "1/2-1/2"]
[ECO "B10"]
[WhiteElo "2402"]
[BlackElo "2256"]
[Annotator "RC"]
[PlyCount "65"]
[EventDate "2024.06.23"]
[EventType "swiss"]
[EventCountry "TUR"]
[SourceTitle "playchess.com"]
[Source "ChessBase"]
[SourceQuality "1"]
[TimeControl "5400+30"]

1. e4 c6 2. Nf3 d5 3. d3 dxe4 4. dxe4 Qxd1+ 5. Kxd1 Nf6 6. Nbd2 g6 7. Ne5 Bh6 8. f3 Nbd7 9. Nd3 O-O 10. a4 a5 11. Nc4 Bxc1 12. Kxc1 b6 13. Nde5 Bb7 14. Be2 Nxe5 15. Nxe5 Rfd8 16. Ra3 Nd7 17. Nxd7 Rxd7 18. Rb3 Ba6 19. Bxa6 Rxa6 20. Rd1 Rxd1+ 21. Kxd1 Kf8 22. f4 h5 23. Ke2 Ke8 24. f5 Kd7 25. fxg6 fxg6 26. Kd2 g5 27. Rg3 g4 28. h3 gxh3 29. Rxh3 Ra8 30. Rxh5 Rg8 31. Rh2 Kd6 32. Ke3 e6 33. b3 1/2-1/2

[Event "10th Cesme Open-A 2024"]
[Site "Cesme"]
[Date "2024.06.27"]
[Round "5"]
[White "Pacher, Milan"]
[Black "Ozcan, Kaan"]
[Result "1-0"]
[ECO "C43"]
[WhiteElo "2387"]
[BlackElo "2227"]
[Annotator "RC"]
[PlyCount "85"]
[EventDate "2024.06.23"]
[EventType "swiss"]
[EventCountry "TUR"]
[SourceTitle "playchess.com"]
[Source "ChessBase"]
[SourceQuality "1"]
[TimeControl "5400+30"]

1. e4 e5 2. Nf3 Nf6 3. d4 Nxe4 4. Bd3 d5 5. Nxe5 Nd7 6. Nc3 Nxc3 7. bxc3 Bd6 8. O-O O-O 9. Re1 c6 10. Rb1 Qc7 11. Bf4 b5 12. Qh5 f5 13. Qh3 Nxe5 14. Bxe5 Bxe5 15. Rxe5 Qa5 16. Re7 Qxc3 17. Qe3 c5 18. Qe5 Qxd4 19. Rxg7+ Kh8 20. Qxd4 cxd4 21. Rc7 Be6 22. Rxb5 Rab8 23. Rxa7 Rxb5 24. Bxb5 Rb8 25. a4 d3 26. cxd3 d4 27. Re7 Bg8 28. Re8 Rb7 29. h4 Kg7 30. Rd8 Be6 31. Rxd4 Kf6 32. g3 Rc7 33. Bc4 Ke5 34. Rf4 Bd7 35. a5 Rb7 36. a6 Rb1+ 37. Kh2 Ra1 38. d4+ Kd6 39. Bd3 Bc6 40. f3 Ra2+ 41. Kh3 h5 42. Bc4 Bd7 43. Bxa2 1-0

[Event "10th Cesme Open-A 2024"]
[Site "Cesme"]
[Date "2024.06.27"]
[Round "5"]
[White "Domalchuk-Jonasson, Aleksandr"]
[Black "Ince, Taylan Ruzgar"]
[Result "1-0"]
[ECO "A28"]
[WhiteElo "2380"]
[BlackElo "2243"]
[Annotator "RC"]
[PlyCount "82"]
[EventDate "2024.06.23"]
[EventType "swiss"]
[EventCountry "TUR"]
[SourceTitle "playchess.com"]
[Source "ChessBase"]
[SourceQuality "1"]
[TimeControl "5400+30"]

1. c4 Nf6 2. Nc3 e5 3. Nf3 Nc6 4. e4 Bc5 5. Nxe5 Nxe5 6. d4 Bb4 7. dxe5 Nxe4 8. Qf3 Nxc3 9. bxc3 Bf8 10. Bd3 d6 11. O-O dxe5 12. Re1 Be7 13. Qe4 Qd6 14. Rb1 c6 15. f4 Be6 16. Rxb7 Rd8 17. Bc2 Qc5+ 18. Be3 Qxc4 19. Qxc4 Bxc4 20. Bxa7 Rd7 21. Rb8+ Rd8 22. Rxd8+ Kxd8 23. Bb6+ Kc8 24. a4 Bd8 25. Bxd8 Rxd8 26. Rxe5 Rd2 27. Be4 Kd7 28. Rc5 Bd5 29. Bxd5 cxd5 30. a5 Kd6 31. Rc8 Ra2 32. Ra8 Ke6 33. g4 g5 34. Ra6+ Ke7 35. fxg5 Ra3 36. Rh6 Rxa5 37. Rxh7 d4 38. g6 Rg5 39. Rxf7+ Ke6 40. h3 d3 41. Kf2 Rc5 1-0

[Event "10th Cesme Open-A 2024"]
[Site "Cesme"]
[Date "2024.06.27"]
[Round "5"]
[White "Ebrahimi Herab, Hamidreza"]
[Black "Yermolinsky, Alex"]
[Result "1/2-1/2"]
[ECO "D41"]
[WhiteElo "2333"]
[BlackElo "2421"]
[Annotator "RC"]
[PlyCount "80"]
[EventDate "2024.06.23"]
[EventType "swiss"]
[EventCountry "TUR"]
[SourceTitle "playchess.com"]
[Source "ChessBase"]
[SourceQuality "1"]
[TimeControl "5400+30"]

1. d4 Nf6 2. c4 e6 3. Nc3 d5 4. cxd5 Nxd5 5. e4 Nxc3 6. bxc3 c5 7. Nf3 cxd4 8. cxd4 Bb4+ 9. Bd2 Bxd2+ 10. Qxd2 O-O 11. Bc4 Nd7 12. O-O b6 13. Rad1 Bb7 14. Rfe1 Rc8 15. Bd3 Nf6 16. Qf4 Qc7 17. Qh4 h6 18. e5 Bxf3 19. gxf3 Nd5 20. f4 Qe7 21. Qg4 Rc3 22. f5 Qg5 23. Qxg5 hxg5 24. Be4 Rd8 25. fxe6 fxe6 26. f3 Nf4 27. Kf2 Kf7 28. Kg3 Rh8 29. Rd2 Rh4 30. a4 Nh5+ 31. Kg2 Nf4+ 32. Kg3 Nh5+ 33. Kg2 g4 34. fxg4 Rxg4+ 35. Kf1 Nf4 36. a5 Nh3 37. axb6 axb6 38. Bg2 Nf4 39. Be4 Nh3 40. Bg2 Nf4 1/2-1/2

[Event "10th Cesme Open-A 2024"]
[Site "Cesme"]
[Date "2024.06.27"]
[Round "5"]
[White "Yurtseven, Melih"]
[Black "Durak, Can"]
[Result "1/2-1/2"]
[ECO "E01"]
[WhiteElo "2333"]
[BlackElo "2442"]
[Annotator "TA"]
[PlyCount "30"]
[EventDate "2024.06.23"]
[EventType "swiss"]
[EventCountry "TUR"]
[SourceTitle "playchess.com"]
[Source "ChessBase"]
[SourceQuality "1"]
[TimeControl "5400+30"]

1. Nf3 d5 2. d4 Nf6 3. c4 e6 4. g3 dxc4 5. Qa4+ Nbd7 6. Qxc4 a6 7. Bf4 c5 8. dxc5 {[%emt 0:04:30] Black is slightly better.} Bxc5 {[%emt 0:01:30] White must now prevent ...Qb6.} 9. Bg2 b5 10. Qd3 Bb7 {[%emt 0:01:30][%cal Oe6e5] [#] Hoping for ...e5!} 11. O-O O-O 12. Bd6 Bxd6 13. Qxd6 Rc8 14. a4 bxa4 15. Nc3 Nc5 {[%emt 0:02:30] Weighted Error Value: White=0.06 (flawless) /Black=0.02 (flawless) .  Inaccurate:     	White=1     	---        OK:         	White=3     	Black=7      Best:        	White=1     	---} 1/2-1/2

[Event "10th Cesme Open-A 2024"]
[Site "Cesme"]
[Date "2024.06.27"]
[Round "5"]
[White "Gunduz, Umut Erdem"]
[Black "Zakirov, Musa"]
[Result "0-1"]
[ECO "B96"]
[WhiteElo "2312"]
[BlackElo "2112"]
[Annotator "RC"]
[PlyCount "46"]
[EventDate "2024.06.23"]
[EventType "swiss"]
[EventCountry "TUR"]
[SourceTitle "playchess.com"]
[Source "ChessBase"]
[SourceQuality "1"]
[TimeControl "5400+30"]

1. e4 c5 2. Nf3 d6 3. d4 cxd4 4. Nxd4 Nf6 5. Nc3 a6 6. Bg5 e6 7. f4 h6 8. Bh4 Qb6 9. a3 Nbd7 10. Bf2 Qc7 11. Qf3 b5 12. O-O-O Bb7 13. g4 Nc5 14. Re1 Be7 15. h4 d5 16. e5 Nfe4 17. Nxe4 Nxe4 18. Bg1 Rc8 19. Rd1 b4 20. axb4 Bxb4 21. f5 Qa5 22. Nb3 Qa2 23. Bd4 O-O 0-1

[Event "10th Cesme Open-A 2024"]
[Site "Cesme"]
[Date "2024.06.27"]
[Round "5"]
[White "Taspinar, Yanki"]
[Black "Isgenderova, Hayale"]
[Result "1-0"]
[ECO "C07"]
[WhiteElo "2309"]
[BlackElo "2103"]
[Annotator "RC"]
[PlyCount "49"]
[EventDate "2024.06.23"]
[EventType "swiss"]
[EventCountry "TUR"]
[SourceTitle "playchess.com"]
[Source "ChessBase"]
[SourceQuality "1"]
[TimeControl "5400+30"]

1. e4 e6 2. d4 d5 3. Nd2 c5 4. exd5 Qxd5 5. Ngf3 cxd4 6. Bc4 Qd6 7. O-O Nf6 8. Re1 Nc6 9. Ne4 Nxe4 10. Rxe4 Qc5 11. b3 b5 12. Bd3 Be7 13. a4 f5 14. Re1 b4 15. Bg5 O-O 16. Bxe7 Qxe7 17. Bb5 Bb7 18. Rxe6 Qc5 19. Bc4 Kh8 20. Ng5 g6 21. Qd3 f4 22. Rxg6 Rf5 23. Rh6 Kg7 24. Rxh7+ Kg6 25. Qh3 1-0

[Event "10th Cesme Open-A 2024"]
[Site "Cesme"]
[Date "2024.06.27"]
[Round "5"]
[White "Tarlabasi, Emirhan"]
[Black "Selbes, Tamer Tarik"]
[Result "1-0"]
[ECO "E11"]
[WhiteElo "2303"]
[BlackElo "2183"]
[Annotator "RC"]
[PlyCount "31"]
[EventDate "2024.06.23"]
[EventType "swiss"]
[EventCountry "TUR"]
[SourceTitle "playchess.com"]
[Source "ChessBase"]
[SourceQuality "1"]
[TimeControl "5400+30"]

1. d4 Nf6 2. c4 e6 3. Nf3 Bb4+ 4. Bd2 Qe7 5. a3 Bxd2+ 6. Nbxd2 d6 7. e4 e5 8. d5 a5 9. Bd3 Nbd7 10. Bc2 O-O 11. O-O g6 12. Ne1 Nh5 13. g3 Ndf6 14. Ng2 Bh3 15. Qe2 c6 16. Rae1 1-0

[Event "10th Cesme Open-A 2024"]
[Site "Cesme"]
[Date "2024.06.27"]
[Round "5"]
[White "Erten, Kerem"]
[Black "Demirbag, Alihan"]
[Result "1-0"]
[ECO "B40"]
[WhiteElo "2277"]
[BlackElo "2055"]
[Annotator "RC"]
[PlyCount "167"]
[EventDate "2024.06.23"]
[EventType "swiss"]
[EventCountry "TUR"]
[SourceTitle "playchess.com"]
[Source "ChessBase"]
[SourceQuality "1"]
[TimeControl "5400+30"]

1. e4 c5 2. Nf3 e6 3. b3 a6 4. Bb2 Nc6 5. c4 Nf6 6. e5 Ng4 7. g3 Qc7 8. Qe2 Be7 9. Bh3 Nh6 10. Nc3 O-O 11. Ne4 d5 12. exd6 Bxd6 13. O-O Nf5 14. Rfe1 Nfd4 15. Bxd4 cxd4 16. Nxd6 Qxd6 17. Qe4 e5 18. Bxc8 Raxc8 19. Qd5 Qxd5 20. cxd5 Nb4 21. Rxe5 d3 22. Re4 a5 23. Ne1 Rfd8 24. Rc4 g6 25. Rac1 Rb8 26. a3 Nxd5 27. Nxd3 Nf6 28. Ne5 Rxd2 29. Rc8+ Rxc8 30. Rxc8+ Kg7 31. Rc7 Ne4 32. Rxf7+ Kg8 33. Rxb7 Nxf2 34. Nc4 Nh3+ 35. Kh1 Ra2 36. Rd7 g5 37. g4 h5 38. Rd2 Ra1+ 39. Kg2 Rg1+ 40. Kf3 a4 41. bxa4 Rxg4 42. Nb6 Rg1 43. a5 g4+ 44. Ke4 Re1+ 45. Kd4 Ng5 46. Kc4 Rc1+ 47. Kb5 Ne6 48. Nd5 Rb1+ 49. Kc6 Nd8+ 50. Kc7 Nb7 51. a6 Nc5 52. a7 Rb7+ 53. Kc6 Rxa7 54. Kxc5 Rxa3 55. Nf6+ Kf7 56. Ne4 Ra5+ 57. Kd4 Kg6 58. Rf2 Ra4+ 59. Ke5 Ra5+ 60. Kd4 Ra4+ 61. Ke3 Ra3+ 62. Kf4 Ra5 63. Kg3 Ra3+ 64. Kf4 Ra5 65. Rb2 Rf5+ 66. Kg3 Rf3+ 67. Kg2 Re3 68. Rb6+ Kg7 69. Re6 Re2+ 70. Kg1 Re3 71. Re5 Kg6 72. Re7 Re2 73. Re8 Re3 74. Re5 Re2 75. Re6+ Kg7 76. Kh1 Re1+ 77. Kg2 Re2+ 78. Kg3 Re3+ 79. Kf4 Rh3 80. Kg5 Rxh2 81. Nd6 g3 82. Re7+ Kf8 83. Re1 h4 84. Kg6 1-0